 Dungeon Crawl Stone Soup version 0.24-a0-126-g3f76249 (webtiles) character file.

Game seed: 5790830724860424037

37 DarkinPup the Skirmisher (level 3, 0/29 HPs)
             Began as a Demonspawn Fighter on Feb 25, 2019.
             Killed from afar by Sigmund (5 damage)
             ... with a magic dart
             ... on level 2 of the Dungeon.
             The game lasted 00:01:30 (956 turns).

DarkinPup the Skirmisher (Demonspawn Fighter)        Turns: 956, Time: 00:01:31

Health: 0/29       AC:  6    Str: 16    XL:     3   Next: 23%
Magic:  3/3        EV:  7    Int:  9    God:
Gold:   107        SH:  8    Dex: 13    Spells: 2/2 levels left

rFire    . . .     SeeInvis .   a - +0 long sword
rCold    . . .     Gourm    .   c - +0 shield
rNeg     . . .     Faith    .   b - +0 scale mail
rPois    .         Spirit   .   (no helmet)
rElec    .         Reflect  .   (no cloak)
rCorr    .         Harm     .   (no gloves)
MR       .....                  (no boots)
Stlth    +.........             (no amulet)
HPRegen  0.09/turn              (no ring)
MPRegen  0.08/turn              (no ring)

@: no status effects
A: nightstalker 1
a: no special abilities


You were on level 2 of the Dungeon.
You were hungry.

You visited 1 branch of the dungeon, and saw 2 of its levels.

You collected 107 gold pieces.

Inventory:

Hand Weapons
 a - a +0 long sword (weapon)
Armour
 b - a +0 scale mail (worn)
 c - a +0 shield (worn)
Scrolls
 e - a scroll of remove curse {unknown}
 i - 2 scrolls of identify {unknown}
 j - a scroll of enchant weapon {unknown}
Comestibles
 f - 2 rations


   Skills:
 + Level 3.1 Fighting
 * Level 2.3 Long Blades
 + Level 2.8 Armour
 * Level 1.3 Dodging
 + Level 2.9 Shields


You had 2 spell levels left.
You didn't know any spells.
Your spell library was empty.

Dungeon Overview and Level Annotations

Branches:
Dungeon (2/15)

Altars:

Annotations:
D:2 Sigmund


Innate Abilities, Weirdness & Mutations

You are slightly more attuned to the shadows.


Message History

It was a potion of brilliance.
You feel clever all of a sudden. Something hits you.
It was a potion of cancellation.
Your magical effects are unravelling.
You feel magically purged.
You feel a little less mighty now.
You feel a little less clever now. Something hits you.
* * * LOW HITPOINT WARNING * * *
You barely miss something. You miss something. You block something's attack.
You miss something. Something hits you.
* * * LOW HITPOINT WARNING * * *
Your shield and scale mail prevent you from hitting something.
Something hits you but does no damage.
You miss something.
You hear some strange, mumbled words.
A magic dart appears from out of thin air!
The magic dart hits you.
You die...

############
#..........#
#..........#
#..........#
#..........#
+....$..>..#
#..{@......#######
#..(..............
########+#.#######
#.# #.# #.# #.#
#.# #.#


There were no monsters in sight!

Vanquished Creatures
  A dart slug (D:1)
  2 giant cockroaches (D:1)
  8 goblins (D:1)
  4 hobgoblins (D:1)
  2 ball pythons (D:1)
  2 bats (D:1)
  3 frilled lizards (D:1)
  4 kobolds (D:1)
  8 rats (D:1)
  A fungus (D:1)
35 creatures vanquished.

Vanquished Creatures (others)
  4 toadstools (D:1)
4 creatures vanquished.

Grand Total: 39 creatures vanquished

Notes
Turn   | Place    | Note
-------+----------+-------------------------------------------
     0 | D:1      | DarkinPup the Demonspawn Fighter began the quest for the
                  | Orb.
     0 | D:1      | Reached XP level 1. HP: 18/18 MP: 1/1
   304 | D:1      | Gained mutation: You are slightly more attuned to the
                  | shadows. [demonic ancestry]
   304 | D:1      | Reached XP level 2. HP: 24/24 MP: 2/2
   354 | D:1      | Reached skill level 1 in Dodging
   600 | D:1      | Reached XP level 3. HP: 28/29 MP: 3/3
   933 | D:2      | Noticed Sigmund
   956 | D:2      | Killed from afar by Sigmund

Levels and vault maps discovered:
D:1:      onia_arrival_pyramid, layout_basic, minmay_gold_behind_fungi
D:2:      cheibrodos_greedy_goblins, layout_basic,
          lemuel_zombie_altar_yredelemnul, minmay_strange_pillars, uniq_sigmund

Skill      XL: |  1  2 |
---------------+-------+-----
Long Blades    | 2 |  2.3
Dodging        | 1 |  1.3
Fighting       | |  3.1
Armour         | |  2.8
Shields        | |  2.9

Action                   || total
-------------------------++-------
Melee: Long sword        ||   134
  Use: Potion            ||     3
Armor: Scale mail        ||    64
Dodge: Dodged            ||    39
Block: Shield            ||    64
       Rpst.: Long sword ||    10

Table legend:
 A = Non-vault XP
 B = Vault XP
 C = Vault XP percentage of total XP
 D = Non-vault monster count
 E = Vault monster count
 F = Vault count percentage of total count
                 A         B        C        D         E       F
            +---------+---------+-------+---------+---------+-------
      Total |      54 |       0 |   0.0 |      34 |       0 |   0.0
            +---------+---------+-------+---------+---------+-------
        D:1 |      54 |       0 |   0.0 |      34 |       0 |   0.0
            +---------+---------+-------+---------+---------+-------
